 Dungeon Crawl Stone Soup version 0.18-a0-1057-g88203af (webtiles) character file.

2984 Kristof the Magician (level 9, -2/51 HPs)
             Began as a Gargoyle Earth Elementalist on Jan 12, 2016.
             Was a Follower of Vehumet.
             Slain by a komodo dragon (13 damage)
             ... on level 1 of the Lair of Beasts.
             The game lasted 00:41:06 (9206 turns).

Kristof the Magician (Gargoyle Earth Elementalist)  Turns: 9206, Time: 00:41:06

Health: -2/51      AC: 16    Str: 12    XL:     9   Next: 83%
Magic:  34/38      EV: 12    Int: 19    God:    Vehumet [*.....]
Gold:   454        SH:  0    Dex: 10    Spells: 6 memorised, 7 levels left

rFire  . . .     SeeInvis .     K - +1 long sword of Kumi {freeze, MP+9 Stlth+}
rCold  + . .     Gourm    .     F - +2 robe {rC+}
rNeg   + . .     Faith    .     (no shield)
rPois  ∞         Spirit   .     w - +1 helmet
rElec  +         Dismiss  .     f - +1 cloak
rCorr  .         Reflect  .     (no gloves)
SustAt .         Harm     .     r - +1 pair of boots
MR     .....                    g - amulet of regeneration
Stlth  +++.......               p - ring of wizardry
                                G - ring of magical power

@: not resistant to hostile enchantments, fairly stealthy
A: negative energy resistance 1, regeneration 1, electricity resistance,
unbreathing, petrification resistance, rot immunity, AC +5
a: Renounce Religion


You were on level 1 of the Lair of Beasts.
You worshipped Vehumet.
Vehumet was aware of your devotion.
You were not hungry.

You visited 3 branches of the dungeon, and saw 10 of its levels.

You collected 491 gold pieces.
You spent 37 gold pieces at shops.

Inventory:

Hand Weapons
 j - a +1 dagger
 k - a +0 whip
 s - a +0 dagger of freezing
 v - a +1 hand axe of flaming
 K - the +1 long sword of Kumi (weapon) {freeze, MP+9 Stlth+}
   (You found it on level 8 of the Dungeon)

   It has been specially enchanted to freeze those struck by it, causing extra
   injury to most foes and up to half again as much damage against particularly
   susceptible opponents.
   It can also slow down cold-blooded creatures.
   It affects your magic capacity (+9).
   It makes you more stealthy.
Missiles
 b - 179 stones (quivered)
Armour
 f - a +1 cloak (worn)
 r - a +1 pair of boots (worn)
 w - a +1 helmet (worn)
 F - a +2 robe of cold resistance (worn)
Magical Staves
 x - an uncursed staff of fire
 J - an uncursed staff of wizardry
Jewellery
 g - an amulet of regeneration (around neck)
 l - an uncursed ring of flight
 p - a ring of wizardry (right hand)
 G - a ring of magical power (left hand)
Wands
 i - a wand of polymorph (11/24)
 q - a wand of draining (0/15)
 L - a wand of polymorph (10/24)
 M - a wand of confusion (22/48)
Scrolls
 h - 2 scrolls of remove curse
 y - 5 scrolls of immolation
 D - 2 scrolls of amnesia
 I - a scroll of identify
 O - a scroll of recharging
Potions
 e - a potion of brilliance
 n - 4 potions of curing
 t - 2 potions of cure mutation
 z - a potion of lignification {unknown}
 A - 3 potions of haste {unknown}
 B - a potion of heal wounds {unknown}
 C - a potion of poison {unknown}
 E - a potion of flight {unknown}
 N - a potion of invisibility {unknown}
Books
 c - a book of Geomancy

   Spells                             Type                      Level
   a - Sandblast                      Earth                        1
   b - Stoneskin                      Transmutation/Earth          2
   c - Passwall                       Transmutation/Earth          3
   d - Stone Arrow                    Conjuration/Earth            3
   e - Petrify                        Transmutation/Earth          4
   f - Lee's Rapid Deconstruction     Earth                        5
 u - a Young Poisoner's Handbook

   Spells                             Type                      Level
   a - Sting                          Conjuration/Poison           1
   b - Cure Poison                    Poison                       2
   c - Mephitic Cloud                 Conjuration/Poison/Air       3
   d - Olgreb's Toxic Radiance        Poison                       4
   e - Venom Bolt                     Conjuration/Poison           5
Comestibles
 a - a chunk of flesh
 d - 5 bread rations
 m - 7 meat rations
 o - 4 fruits
 H - a beef jerky


   Skills:
 + Level 3.5 Fighting
 + Level 2.8 Maces & Flails
 + Level 3.2 Armour
 + Level 2.8 Dodging
 - Level 2.1 Stealth
 * Level 7.4 Spellcasting
 + Level 5.5 Conjurations
 - Level 0.7 Transmutations
 + Level 2.9 Fire Magic
 + Level 6.9 Earth Magic
 + Level 2.9 Evocations


You had 7 spell levels left.
You knew the following spells:

 Your Spells              Type           Power        Failure   Level  Hunger
a - Sandblast             Erth           ####..       1%          1    None
b - Stoneskin             Trmt/Erth      ###.....     1%          2    None
c - Stone Arrow           Conj/Erth      ####..       1%          3    #......
d - Lee's Rapid Deconstr  Erth           ####......   7%          5    #####..
e - Mephitic Cloud        Conj/Pois/Air  ##......     6%          3    #......
f - Flame Tongue          Conj/Fire      ###..        1%          1    None


Dungeon Overview and Level Annotations

Branches:
Dungeon (8/15)             Temple (1/1) D:5            Lair (1/8) D:8

Altars:
Ashenzari
Cheibriados
Dithmenos
Elyvilon
Fedhas
Gozag
Kikubaaqudgha
Makhleb
Okawaru
Pakellas
Qazlal
Ru
Sif Muna
Trog
Vehumet
Xom
Yredelemnul
Zin
The Shining One

Shops:
D:7 %=!*[   D:8 [

Annotations:
Lair:1 Fannar


Innate Abilities, Weirdness & Mutations

You are resistant to torment.
Your stone body is resilient (AC +5).
You are immune to poison.
You resist negative energy.
You are resistant to electric shocks.
You can survive without breathing.
You are immune to petrification.
You are immune to rotting.
Your natural rate of healing is unusually fast.


Message History

The komodo dragon bites you!
Some of the chunks of flesh in your inventory have rotted away.
You slash Fannar!
Fannar is lightly wounded.
Fannar hits you with a staff of cold. Fannar freezes you!
The komodo dragon bites you!
* * * LOW HITPOINT WARNING * * *
You are too injured to fight recklessly!
You are too injured to fight recklessly!
You are too injured to fight recklessly!
Unknown command.
Drink which item? (? for menu, Esc to quit)
Okay, then.
Casting: Mephitic Cloud
Confirm with . or Enter, or press ? or * to list all spells.
Aiming: Stone Arrow
Press: ? - help, Shift-Dir - straight line, f/p - Fannar
Aim: Fannar, wielding a staff of cold and wearing a robe of cold resistance (lightly wounded, covered in an icy film, protected by a disc of dense vapour) Fannar blocks the stone arrow.
The komodo dragon bites you!
You die...

..P#.#.........
........##.....
#.#.###.##.#...###
...............P#
#.#####.#...#.###
#. #.......# #..
###...###
#P..###P.#.##
#e@([...#
#.Pl####.## #.".
### #.P. #.#. #.##
. ##


You could see Fannar and a komodo dragon.

Vanquished Creatures
  A komodo dragon (D:8)
  A two-headed ogre (D:8)
  A steam dragon (D:8)
  A water moccasin (D:7)
  A porcupine (Lair:1)
  A sky beast (D:6)
  3 orc warriors
  4 ogres
  2 phantoms (D:8)
  A crocodile (Lair:1)
  A big kobold (D:6)
  A giant frog (D:8)
  A scorpion (D:6)
  A centaur zombie (D:5)
  A crimson imp (D:7)
  A giant frog zombie (D:6)
  3 orc priests (D:8)
  3 hounds
  8 orc wizards
  A giant frog skeleton (D:5)
  2 iguanas
  6 worker ants
  A killer bee zombie (D:6)
  A hound zombie (D:8)
  3 gnolls (D:8)
  12 adders
  An adder zombie (D:6)
  2 adder skeletons
  5 worms
  5 giant geckos
  27 orcs
  2 ball pythons
  5 giant cockroaches
  3 hobgoblins
  7 jackals
  5 quokkas
  8 bats
  A giant gecko skeleton (D:8)
  4 giant newts
  11 goblins
  A jackal skeleton (D:4)
  15 kobolds
  8 rats
  2 plants (D:8)
174 creatures vanquished.

Vanquished Creatures (collateral kills)
  An iguana (D:6)
  A giant cockroach (D:6)
2 creatures vanquished.

Vanquished Creatures (others)
  5 plants (D:8)
5 creatures vanquished.

Grand Total: 181 creatures vanquished

Notes
Turn   | Place    | Note
--------------------------------------------------------------
     0 | D:1      | Kristof the Gargoyle Earth Elementalist began the quest for the Orb.
     0 | D:1      | Reached XP level 1. HP: 10/10 MP: 3/3
   440 | D:1      | Reached XP level 2. HP: 13/15 MP: 0/5
   681 | D:1      | Reached skill level 4 in Earth Magic
   924 | D:1      | Learned a level 2 spell: Stoneskin
  1000 | D:1      | Reached XP level 3. HP: 19/19 MP: 7/7
  1005 | D:1      | Learned a level 3 spell: Stone Arrow
  1820 | D:2      | Reached XP level 4. HP: 24/24 MP: 6/8
  1863 | D:2      | Reached skill level 1 in Conjurations
  2342 | D:2      | Found a snail-covered altar of Cheibriados.
  2342 | D:2      | Found a stormy altar of Qazlal.
  2816 | D:3      | Reached XP level 5. HP: 26/28 MP: 2/10
  2897 | D:3      | Learned a level 5 spell: Lee's Rapid Deconstruction
  3301 | D:4      | Noticed an ogre
  3305 | D:4      | Killed an ogre
  3305 | D:4      | Reached XP level 6. HP: 32/32 MP: 5/12
  3496 | D:4      | Reached skill level 5 in Earth Magic
  3647 | D:4      | Learned a level 3 spell: Mephitic Cloud
  3894 | D:5      | Entered Level 5 of the Dungeon
  3971 | D:5      | Found a staircase to the Ecumenical Temple.
  3980 | Temple   | Entered the Ecumenical Temple
  4165 | Temple   | Became a worshipper of Vehumet
  4298 | D:5      | Found a burning altar of Makhleb.
  4467 | D:5      | Reached skill level 5 in Spellcasting
  4474 | D:5      | Reached XP level 7. HP: 36/36 MP: 9/14
  4611 | D:5      | Found a snail-covered altar of Cheibriados.
  5041 | D:5      | Found a deep blue altar of Sif Muna.
  5673 | D:6      | Gained mutation: Your natural rate of healing is unusually fast. [potion of beneficial mutation]
  5871 | D:6      | Reached * piety under Vehumet
  5871 | D:6      | Offered knowledge of Flame Tongue by Vehumet.
  5874 | D:6      | Learned a level 1 spell: Flame Tongue
  5972 | D:6      | Reached skill level 6 in Earth Magic
  5976 | D:6      | Reached XP level 8. HP: 10/42 MP: 7/16
  6257 | D:6      | Reached skill level 1 in Fighting
  6413 | D:6      | Reached skill level 1 in Armour
  6441 | D:6      | Reached skill level 1 in Maces & Flails
  6441 | D:6      | Reached skill level 1 in Fire Magic
  6441 | D:6      | Reached skill level 1 in Evocations
  6587 | D:7      | Found Ycrakiw's Food Shop.
  6616 | D:7      | Found Hyusopt's Distillery.
  6666 | D:7      | Bought a potion of degeneration for 14 gold pieces
  6975 | D:7      | Found Pisibo Ykai's Armour Shop.
  7037 | D:7      | Found Fopnumur's Assorted Antiques.
  7076 | D:7      | Bought a glowing robe for 23 gold pieces
  7162 | D:7      | Found Vogg's Jewellery Emporium.
  7193 | D:7      | Found a bloodstained altar of Trog.
  7669 | D:8      | Found Laes's Antique Armour Shop.
  7676 | D:8      | Reached XP level 9. HP: 49/49 MP: 15/19
  7875 | D:8      | Reached skill level 5 in Conjurations
  7891 | D:8      | Got a bloodstained long sword
  7956 | D:8      | Identified the +1 long sword of Kumi {freeze, MP+9 Stlth+} (You found it on level 8 of the Dungeon)
  8028 | D:8      | Noticed a two-headed ogre
  8033 | D:8      | Noticed a komodo dragon
  8040 | D:8      | Killed a two-headed ogre
  8090 | D:8      | Reached skill level 7 in Spellcasting
  8200 | D:8      | Killed a komodo dragon
  8280 | D:8      | Found a staircase to the Lair.
  8973 | Lair:1   | Entered Level 1 of the Lair of Beasts
  9189 | Lair:1   | Noticed Fannar
  9202 | Lair:1   | Noticed a komodo dragon
  9206 | Lair:1   | Slain by a komodo dragon

Vault maps used:
D:1:      dpeg_arrival_central
D:2:      gammafunk_temple_overflow_elements, first_bread,
          kennysheep_nondescript
D:3:      hangedman_decor_growths
D:5:      kennysheep_little_box, kennysheep_mini_moat, minmay_temple_entry_mist,
          basic_altar
D:6:      lightli_minifort
D:7:      nicolae_overflow_crystal_walls, serial_shops, shop,
          nicolae_shop_behind_doors, nicolae_shop_waterfront,
          nicolae_shop_statue_plus, nicolae_shop_overgrown_old_shop
D:8:      david_lair_shrubbed, serial_shops, shop
Temple:   minmay_temple_curvy_14
Lair:1:   nicolae_volcano_entry_two_sided, uniq_erica, uniq_fannar

Action                   |  1- 3 |  4- 6 |  7- 9 || total
-------------------------+-------+-------+-------++-------
Melee: Dagger            |    98 |     5 |   135 ||   238
       Long sword        |       |       |    71 ||    71
 Cast: Sandblast         |    40 |    83 |    63 ||   186
       Stone Arrow       |       |     2 |    75 ||    77
       Mephitic Cloud    |       |       |     7 ||     7
Evoke: Wand              |       |       |     2 ||     2
  Use: Scroll            |     6 |    11 |     3 ||    20
       Potion            |       |       |     2 ||     2
 Stab: Sleeping          |       |       |     2 ||     2
       Confused          |       |       |     1 ||     1
  Eat: Chunk             |     3 |     8 |    15 ||    26
       Fruit             |       |       |     3 ||     3
